 Dungeon Sprint DCSS version 0.17-a0-1655-g88a8506 (webtiles) character file.

19849 Kidiri the Unseen (level 12, -15/51 HPs)
             Began as a Spriggan Enchanter on Aug 15, 2015.
             Was the Champion of Dithmenos.
             Demolished by a kraken (32 damage)
             ... in the Dungeon (Sprint III: "The Ten Rune Challenge").
             The game lasted 00:14:21 (2794 turns).

Kidiri the Unseen (Spriggan Enchanter)              Turns: 2794, Time: 00:14:21

Health: -15/51     AC:  8    Str:  4    XL:     12   Next: 40%
Magic:  18/31      EV: 34    Int: 20    God:    Dithmenos [******]
Gold:   21         SH:  0    Dex: 20    Spells: 10 memorised, 11 levels left

rFire  . . .     SeeInvis +     a - +1 dagger
rCold  . . .     Clarity  .     b - +1 robe
rNeg   . . .     SustAt   .     (shield restricted)
rPois  .         Gourm    .     (helmet restricted)
rElec  .         Spirit   .     (no cloak)
rCorr  .         Warding  .     (gloves unavailable)
rMut   .         NoTele   +     (boots unavailable)
MR     ++...                    (no amulet)
Stlth  ++++++++++               (no ring)
                                (no ring)

@: wreathed by umbra, very quick, very resistant to hostile enchantments,
uncannily stealthy
A: unfitting armour, slimy green scales 2, yellow scales 1, see invisible, agile
1, herbivore 3, speed 3, sense surroundings 1, slow metabolism 2
a: Shadow Step, Shadow Form, Renounce Religion


You were in the Dungeon.
You worshipped Dithmenos.
Dithmenos was exalted by your worship.
You were full.

You visited 1 branch You collected 21 gold pieces.

Inventory:

Hand weapons
 a - a +1 dagger (weapon)
Armour
 b - a +1 robe (worn)
Scrolls
 j - a scroll of blinking
 n - a scroll of fog
 r - a scroll of holy word {unknown}
 s - a scroll of remove curse {unknown}
Potions
 c - a potion of might
 e - 2 potions of curing
 f - 2 potions of heal wounds
 g - a potion of haste
 h - 2 potions of magic
 i - 2 potions of berserk rage
 p - 3 potions of cure mutation
 q - a potion of flight {unknown}
 t - 3 potions of ambrosia {unknown}
Comestibles
 k - 6 fruits
 o - 30 royal jellies


   Skills:
 + Level 9.6 Short Blades
 * Level 16.6 Dodging
 * Level 18.5 Stealth
 * Level 14.5 Spellcasting
 + Level 6.1 Conjurations
 + Level 11.3 Hexes
 + Level 10.8 Charms
 + Level 10.5 Translocations
 + Level 8.2 Transmutations
 + Level 7.6 Ice Magic
 + Level 7.0 Air Magic
 + Level 5.5 Earth Magic
 + Level 7.4 Poison Magic
 - Level 4.7 Invocations


You had 11 spell levels left.
You knew the following spells:

 Your Spells              Type           Power        Failure   Level  Hunger
a - Corona                Hex            ######.      1%          1    None
b - Ensorcelled Hibernat  Hex/Ice        ######       1%          2    None
c - Confuse               Hex            ######..     1%          3    None
d - Tukima's Dance        Hex            ######..     1%          3    None
e - Dazzling Spray        Conj/Hex       #####...     1%          3    None
f - Repel Missiles        Chrm/Air       ######       1%          2    None
g - Mephitic Cloud        Conj/Pois/Air  #####...     1%          3    None
h - Gell's Gravitas       Hex/Tloc       ######....   1%          3    None
i - Metabolic Englaciati  Hex/Ice        ######....   2%          5    ###....
j - Petrify               Trmt/Erth      #####...     2%          4    None


Dungeon Overview and Level Annotations

Branches:
Dungeon (1/1)

Altars:
Cheibriados
Dithmenos
Elyvilon
Fedhas
Gozag
Kikubaaqudgha
Makhleb
Nemelex Xobeh
Okawaru
Qazlal
Ru
Sif Muna
Trog
Vehumet
Xom
Yredelemnul
Zin
The Shining One
Jiyva
Lugonu

Annotations:
D Harold, Joseph


Innate Abilities, Weirdness & Mutations

You are tiny and cannot use many weapons and most armour.
You have supernaturally acute eyesight.
You are a herbivore.
You cover ground extremely quickly.
You need consume almost no food.
You are mostly covered in slimy green scales (AC +3).
You are partially covered in yellow scales (AC +2).
You are agile. (Dex +2)
You passively map a small area around you.


Message History

The kraken resists with some effort.
Your shadow mimicks your spell!
The kraken resists with almost no effort.
Tentacles burst out of the water!
The kraken bites you!!
Unknown command.
Casting: Confuse
Confirm with . or Enter, or press ? or * to list all spells.
Aiming: Dazzling Spray
Press: ? - help, Shift-Dir - straight line, f/p - kraken
Aim: a kraken (water, lightly wounded, umbra)
The spray of energy hits the kraken.
The kraken is lightly wounded.
The spray of energy hits the tentacle.
The tentacle is moderately wounded.
The tentacle is dazzled.
The spray of energy hits the tentacle.
The tentacle is moderately wounded.
The tentacle completely misses you. The tentacle slaps you!
The kraken bites you!!
Ouch! That really hurt!
You die...

+#############'♣
♣♣.##%##%##+≈≈≈ #≈P.†........♣
♣..#.##...#≈≈.
.+≈≈...########♣♣
♣♣.##.##.)#≈..
..#≈≈≈.........PP♣
♣♣.##.#####...
J.#≈≈≈≈P..PP....P♣
♣.....##...... #
###########'#############+#####
▓............▓#.♣♣ ,, *
▓≈≈ww.....P≈≈▓#♣.♣ * , ,, *
▓≈≈X@.....≈≈≈▓ ♣.♣♣ ,, , *
▓≈≈w≈≈..≈≈≈≈≈▓ ♣♣.♣ , *
▓≈≈≈w≈≈≈≈≈≈≈≈▓ ♣.♣♣ , ,*
▓≈≈≈≈≈≈≈≈≈≈≈≈▓ ♣.♣♣ * ,,
▓≈≈≈≈≈≈≈≈≈≈≈≈▓ ♣%.♣
▓≈≈≈≈≈≈≈≈≈≈≈≈▓ ♣♣.♣
▓≈≈≈≈≈≈≈≈≈≈≈≈▓ ♣.♣ ,
▓≈≈≈≈≈≈≈≈≈≈≈≈▓ * .♣*
▓≈≈≈≈≈≈≈≈≈≈≈≈▓ ,..


You could see a kraken and 4 tentacles.

Vanquished Creatures
  Rupert (D)
  Maud (D)
  2 hydras (D)
  Erica (D)
  A centaur warrior (D)
  4 death yaks (D)
  A spriggan druid (D)
  A lindwurm (D)
  2 unseen horrors (D)
  3 death drakes (D)
  2 black mambas (D)
  2 spiny frogs (D)
  A deep elf priest (D)
  A komodo dragon (D)
  A queen bee (D)
  3 wandering mushrooms (D)
  8 blink frogs (D)
  A fire drake (D)
  2 snapping turtles (D)
  A shadow (D)
  3 redbacks (D)
  2 spriggans (D)
  A spatial vortex (D)
  A swamp drake (D)
  2 centaurs (D)
  A necrophage (D)
  An earth elemental (D)
  2 brain worms (D)
  A water elemental (D)
  32 killer bees (D)
  An electric eel (D)
  A jelly (D)
  A necromancer (D)
  Jessica (D)
  A wizard (D)
  A kobold demonologist (D)
  3 humans (D)
  2 oozes (D)
  A phantom (D)
97 creatures vanquished.

Vanquished Creatures (others)
  2 draconian scorchers (D)
  2 yaktaurs (D)
  2 fungi (D)
  5 plants (D)
  16 tentacles (D)
  14 tentacle segments (D)
41 creatures vanquished.

Grand Total: 138 creatures vanquished

Notes
Turn   | Place    | Note
--------------------------------------------------------------
     0 | D        | Kidiri the Spriggan Enchanter began the quest for the Orb.
     0 | D        | Reached XP level 1. HP: 9/9 MP: 5/5
    14 | D        | Reached skill level 5 in Stealth
    44 | D        | Reached XP level 2. HP: 13/13 MP: 5/7
    48 | D        | Learned a level 2 spell: Ensorcelled Hibernation
    60 | D        | Noticed Jessica
    66 | D        | Killed Jessica
    66 | D        | Reached skill level 5 in Dodging
    66 | D        | Reached skill level 6 in Stealth
    66 | D        | Reached skill level 1 in Ice Magic
    66 | D        | Reached XP level 3. HP: 16/16 MP: 6/9
    71 | D        | Learned a level 3 spell: Confuse
    72 | D        | Killed a yaktaur
    75 | D        | Learned a level 3 spell: Tukima's Dance
   129 | D        | Reached skill level 7 in Stealth
   249 | D        | Killed a white draconian scorcher
   260 | D        | Killed a white draconian scorcher
   277 | D        | Gained mutation: You are partially covered in slimy green scales (AC +2). [potion of mutation]
   277 | D        | Gained mutation: You are mostly covered in slimy green scales (AC +3). [potion of mutation]
   277 | D        | Gained mutation: You passively map a small area around you. [potion of mutation]
   278 | D        | Gained mutation: You are agile. (Dex +2) [potion of mutation]
   278 | D        | Lost mutation: You are agile. (Dex +2) [potion of mutation]
   278 | D        | Gained mutation: You are partially covered in yellow scales (AC +2). [potion of mutation]
   279 | D        | Gained mutation: You are agile. (Dex +2) [potion of mutation]
   382 | D        | Noticed a water elemental
   384 | D        | Killed a water elemental
   384 | D        | Reached skill level 8 in Stealth
   384 | D        | Reached skill level 5 in Spellcasting
   384 | D        | Reached skill level 5 in Hexes
   384 | D        | Reached XP level 4. HP: 21/21 MP: 10/12
   389 | D        | Learned a level 3 spell: Dazzling Spray
   459 | D        | Noticed a jelly
   460 | D        | Noticed a shadow
   462 | D        | Killed a shadow
   462 | D        | Reached skill level 10 in Stealth
   462 | D        | Reached skill level 1 in Conjurations
   462 | D        | Reached XP level 5. HP: 24/24 MP: 12/15
   462 | D        | Reached XP level 6. HP: 28/28 MP: 13/17
   466 | D        | Killed a jelly
   471 | D        | Found a stormy altar of Qazlal.
   472 | D        | Found a sacrificial altar of Ru.
   472 | D        | Found a burning altar of Makhleb.
   472 | D        | Found a viscous altar of Jiyva.
   472 | D        | Found a shimmering altar of Xom.
   472 | D        | Found a shadowy altar of Dithmenos.
   472 | D        | Found a sparkling altar of Nemelex Xobeh.
   472 | D        | Found a corrupted altar of Lugonu.
   472 | D        | Found an opulent altar of Gozag.
   472 | D        | Noticed a spatial vortex
   477 | D        | Became a worshipper of Dithmenos the Shadowed
   478 | D        | Killed a spatial vortex
   478 | D        | Reached skill level 5 in Short Blades
   478 | D        | Reached skill level 11 in Stealth
   478 | D        | Reached skill level 1 in Invocations
   507 | D        | Found a radiant altar of Vehumet.
   507 | D        | Found a deep blue altar of Sif Muna.
   507 | D        | Found an ancient bone altar of Kikubaaqudgha.
   507 | D        | Noticed a wizard
   509 | D        | Killed a wizard
   524 | D        | Learned a level 2 spell: Repel Missiles
   528 | D        | Learned a level 3 spell: Mephitic Cloud
   542 | D        | Learned a level 3 spell: Gell's Gravitas
   547 | D        | Found a glowing silver altar of Zin.
   548 | D        | Found a glowing golden altar of the Shining One.
   548 | D        | Found a white marble altar of Elyvilon.
   548 | D        | Noticed a deep elf priest
   550 | D        | Killed a deep elf priest
   550 | D        | Reached skill level 10 in Dodging
   550 | D        | Reached skill level 1 in Air Magic
   550 | D        | Reached skill level 1 in Poison Magic
   550 | D        | Reached XP level 7. HP: 32/32 MP: 20/20
   562 | D        | Found an iron altar of Okawaru.
   563 | D        | Found a bloodstained altar of Trog.
   563 | D        | Noticed a human
   563 | D        | Noticed a human
   565 | D        | Killed a human
   565 | D        | Reached skill level 12 in Stealth
   566 | D        | Killed a human
   629 | D        | Found a snail-covered altar of Cheibriados.
   629 | D        | Noticed a necrophage
   630 | D        | Found a basalt altar of Yredelemnul.
   630 | D        | Found a blossoming altar of Fedhas.
   630 | D        | Noticed a necromancer
   631 | D        | Killed a necrophage
   631 | D        | Acquired Dithmenos's first power
   631 | D        | Reached XP level 8. HP: 36/36 MP: 22/22
   632 | D        | Killed a necromancer
   655 | D        | Learned a level 5 spell: Metabolic Englaciation
   658 | D        | Noticed Erica
   661 | D        | Killed Erica
   661 | D        | Reached skill level 13 in Stealth
   661 | D        | Reached skill level 10 in Spellcasting
   668 | D        | Noticed an earth elemental
   671 | D        | Killed an earth elemental
   715 | D        | Noticed a centaur
   715 | D        | Noticed a centaur warrior
   715 | D        | Noticed a centaur
   717 | D        | Killed a centaur
   719 | D        | Killed a centaur warrior
   719 | D        | Reached skill level 14 in Stealth
   719 | D        | Reached skill level 5 in Charms
   719 | D        | Reached skill level 5 in Translocations
   719 | D        | Reached XP level 9. HP: 39/39 MP: 24/24
   720 | D        | Killed a centaur
   720 | D        | Acquired Dithmenos's second power
   730 | D        | Learned a level 4 spell: Petrify
   746 | D        | Noticed an unseen horror
   746 | D        | Noticed an unseen horror
   747 | D        | Killed an unseen horror
   747 | D        | Reached skill level 1 in Transmutations
   747 | D        | Reached skill level 5 in Ice Magic
   749 | D        | Killed an unseen horror
   749 | D        | Reached skill level 1 in Earth Magic
   756 | D        | Noticed a killer bee
   756 | D        | Noticed a killer bee
   756 | D        | Noticed a killer bee
   756 | D        | Noticed a killer bee
   756 | D        | Noticed a killer bee
   756 | D        | Noticed a killer bee
   756 | D        | Noticed a killer bee
   756 | D        | Noticed a killer bee
   756 | D        | Noticed a killer bee
   756 | D        | Noticed a killer bee
   756 | D        | Noticed a killer bee
   756 | D        | Noticed a killer bee
   756 | D        | Noticed a killer bee
   756 | D        | Noticed a killer bee
   756 | D        | Noticed a killer bee
   757 | D        | Noticed a killer bee
   757 | D        | Noticed a killer bee
   757 | D        | Noticed a killer bee
   757 | D        | Noticed a killer bee
   757 | D        | Noticed a killer bee
   757 | D        | Noticed a killer bee
   757 | D        | Noticed a killer bee
   757 | D        | Noticed a queen bee
   757 | D        | Noticed a killer bee
   757 | D        | Noticed a killer bee
   757 | D        | Noticed a killer bee
   757 | D        | Noticed a killer bee
   757 | D        | Noticed a killer bee
   757 | D        | Noticed a killer bee
   757 | D        | Noticed a killer bee
   757 | D        | Noticed a killer bee
   757 | D        | Noticed a killer bee
   757 | D        | Noticed a killer bee
   759 | D        | Killed a killer bee
   760 | D        | Killed a killer bee
   760 | D        | Acquired Dithmenos's third power
   769 | D        | Killed a killer bee
   893 | D        | Killed a yaktaur
  1049 | D        | Killed a killer bee
  1051 | D        | Killed a killer bee
  1055 | D        | Killed a killer bee
  1057 | D        | Killed a killer bee
  1057 | D        | Acquired Dithmenos's fourth power
  1057 | D        | Reached XP level 10. HP: 44/44 MP: 16/26
  1059 | D        | Killed a killer bee
  1061 | D        | Killed a killer bee
  1063 | D        | Killed a killer bee
  1065 | D        | Killed a killer bee
  1067 | D        | Killed a killer bee
  1069 | D        | Killed a killer bee
  1071 | D        | Killed a killer bee
  1073 | D        | Killed a killer bee
  1215 | D        | Killed a killer bee
  1215 | D        | Reached skill level 15 in Stealth
  1217 | D        | Killed a killer bee
  1221 | D        | Killed a killer bee
  1223 | D        | Killed a killer bee
  1224 | D        | Killed a killer bee
  1225 | D        | Killed a killer bee
  1228 | D        | Killed a killer bee
  1232 | D        | Killed a killer bee
  1234 | D        | Killed a killer bee
  1237 | D        | Killed a killer bee
  1239 | D        | Killed a killer bee
  1241 | D        | Killed a killer bee
  1243 | D        | Killed a killer bee
  1245 | D        | Killed a killer bee
  1249 | D        | Killed a killer bee
  1251 | D        | Killed a killer bee
  1399 | D        | Killed a queen bee
  1413 | D        | Killed a killer bee
  1494 | D        | Noticed Harold
  1494 | D        | Noticed Joseph
  1498 | D        | Noticed a wandering mushroom
  1500 | D        | Noticed a wandering mushroom
  1500 | D        | Noticed a wandering mushroom
  1501 | D        | Killed a wandering mushroom
  1503 | D        | Killed a wandering mushroom
  1503 | D        | Reached skill level 5 in Poison Magic
  1506 | D        | Killed a wandering mushroom
  1548 | D        | Noticed a spiny frog
  1548 | D        | Noticed a komodo dragon
  1548 | D        | Noticed a spiny frog
  1551 | D        | Killed a komodo dragon
  1551 | D        | Reached skill level 5 in Air Magic
  1821 | D        | Killed a spiny frog
  1824 | D        | Killed a spiny frog
  1851 | D        | Noticed a redback
  1853 | D        | Killed a redback
  1854 | D        | Noticed a brain worm
  1860 | D        | Killed a brain worm
  1865 | D        | Noticed a brain worm
  1867 | D        | Killed a brain worm
  1870 | D        | Noticed a lindwurm
  1872 | D        | Noticed a redback
  1873 | D        | Killed a lindwurm
  1873 | D        | Reached skill level 16 in Stealth
  1873 | D        | Reached skill level 5 in Transmutations
  1875 | D        | Killed a redback
  1882 | D        | Noticed a redback
  1883 | D        | Killed a redback
  1883 | D        | Reached skill level 10 in Hexes
  1883 | D        | Reached XP level 11. HP: 47/47 MP: 26/28
  1884 | D        | Noticed Maud
  1887 | D        | Killed Maud
  1887 | D        | Reached skill level 5 in Conjurations
  1894 | D        | Noticed an electric eel
  1895 | D        | Noticed an eight-headed hydra
  1895 | D        | Noticed a four-headed hydra
  1896 | D        | Killed an electric eel
  1898 | D        | Killed an eight-headed hydra
  1899 | D        | Killed a four-headed hydra
  1899 | D        | Reached skill level 15 in Dodging
  1941 | D        | Noticed a death drake
  1944 | D        | Killed a death drake
  1951 | D        | Found a blossoming altar of Fedhas.
  1951 | D        | Noticed a spriggan
  1951 | D        | Noticed a spriggan druid
  1951 | D        | Noticed a spriggan
  1955 | D        | Killed a spriggan druid
  1955 | D        | Reached skill level 17 in Stealth
  1956 | D        | Killed a spriggan
  1957 | D        | Killed a spriggan
  1985 | D        | Noticed a death drake
  1989 | D        | Noticed a death drake
  1992 | D        | Killed a death drake
  1993 | D        | Killed a death drake
  2068 | D        | Noticed a swamp drake
  2068 | D        | Noticed a fire drake
  2069 | D        | Killed a fire drake
  2071 | D        | Killed a swamp drake
  2077 | D        | Noticed a blink frog
  2077 | D        | Noticed a blink frog
  2077 | D        | Noticed a blink frog
  2078 | D        | Noticed a blink frog
  2079 | D        | Noticed a blink frog
  2080 | D        | Killed a blink frog
  2082 | D        | Killed a blink frog
  2084 | D        | Killed a blink frog
  2092 | D        | Killed a blink frog
  2096 | D        | Killed a blink frog
  2232 | D        | Noticed Rupert
  2234 | D        | Killed Rupert
  2234 | D        | Reached skill level 10 in Charms
  2234 | D        | Reached skill level 5 in Earth Magic
  2234 | D        | Reached XP level 12. HP: 51/51 MP: 25/31
  2263 | D        | Noticed a death yak
  2264 | D        | Noticed a death yak
  2264 | D        | Noticed a blink frog
  2265 | D        | Killed a death yak
  2265 | D        | Reached skill level 10 in Translocations
  2266 | D        | Noticed an azure jelly
  2266 | D        | Noticed a death yak
  2266 | D        | Noticed an azure jelly
  2266 | D        | Noticed a blink frog
  2266 | D        | Noticed a death yak
  2267 | D        | Killed a death yak
  2267 | D        | Reached skill level 18 in Stealth
  2268 | D        | Killed a blink frog
  2269 | D        | Noticed a blink frog
  2269 | D        | Noticed a black mamba
  2270 | D        | Killed a death yak
  2271 | D        | Noticed a black mamba
  2272 | D        | Killed a death yak
  2273 | D        | Killed a blink frog
  2274 | D        | Killed a blink frog
  2276 | D        | Killed a black mamba
  2277 | D        | Killed a black mamba
  2382 | D        | Noticed a snapping turtle
  2383 | D        | Noticed a snapping turtle
  2383 | D        | Noticed a kraken
  2384 | D        | Noticed an alligator snapping turtle
  2384 | D        | Noticed a snapping turtle
  2385 | D        | Killed a snapping turtle
  2578 | D        | Killed a snapping turtle
  2794 | D        | Demolished by a kraken

Vault maps used:
D:        dungeon_sprint_mu

Action                   |  1- 3 |  4- 6 |  7- 9 | 10-12 || total
-------------------------+-------+-------+-------+-------++-------
Melee: Dagger            |    26 |     6 |    18 |   116 ||   166
 Cast: Corona            |     3 |       |       |       ||     3
       Ensorcelled Hiber |     1 |       |    11 |    41 ||    53
       Confuse           |     1 |       |     1 |     5 ||     7
       Gell's Gravitas   |       |       |     3 |     1 ||     4
       Dazzling Spray    |       |       |       |     9 ||     9
       Mephitic Cloud    |       |       |       |     1 ||     1
       Metabolic Englaci |       |       |       |     1 ||     1
Invok: Shadow Step       |       |       |       |    11 ||    11
  Use: Scroll            |     4 |       |       |       ||     4
       Potion            |     3 |       |       |       ||     3
 Stab: Sleeping          |     4 |     6 |    15 |    56 ||    81
       Confused          |       |       |     1 |     5 ||     6
       Invisible         |       |       |       |     1 ||     1
  Eat: Bread ration      |       |       |       |     1 ||     1
